 Dungeon Crawl Stone Soup version 0.29.0-4-gdea44cf6ec (webtiles) character file.

Game seed: 11324031876342938155

93 qw the Ruffian (level 4, -1/36 HPs)
             Began as a Ghoul Fire Elementalist on Aug 30, 2022.
             Slain by a gnoll
             ... wielding a +0 halberd
              (7 damage)
             ... on level 3 of the Dungeon.
             The game lasted 00:01:16 (2522 turns).

qw the Ruffian (Ghoul Fire Elementalist)            Turns: 2522, Time: 00:01:17

Health: -1/36      AC: 11    Str: 13    XL:     4   Next: 62%
Magic:  5/5        EV:  6    Int: 10    God:
Gold:   120        SH:  0    Dex:  9    Spells: 5/6 levels left

rFire   . . .      SeeInvis .     - Unarmed
rCold   . . .      Faith    .   (no shield)
rNeg    + + +      Spirit   .   c - +0 chain mail
rPois   inf        Reflect  .   j - +1 helmet of Pride {rPois rC- rN+ Regen+}
rElec   .          Harm     .   (no cloak)
rCorr   .          Rampage  .   (no gloves)
Will    .....                   a - +0 pair of boots
Stlth   ..........              (no amulet)
HPRegen 0.00/turn               (no ring)
MPRegen 0.09/turn               (no ring)

@: inhibited regen
A: claws 1, cold resistance 1, negative energy resistance 3, inhibited
regeneration, torment resistance 2, devour on kill
a: no special abilities


You were on level 3 of the Dungeon.
You visited 1 branch of the dungeon, and saw 3 of its levels.

You collected 120 gold pieces.


Innate Abilities, Weirdness & Mutations

You are immune to poison.
You have sharp fingernails.
Your flesh is cold resistant. (rC+)
You are immune to negative energy. (rN+++)
You do not regenerate when monsters are visible.
You are immune to unholy pain and torment.
You thrive by killing the living.


   Skills:
 - Level 1.7 Fighting
 - Level 1.1 Armour
 - Level 1.7 Dodging
 - Level 2.1 Stealth
 + Level 3.5 Unarmed Combat
 - Level 1.7 Spellcasting
 - Level 0.7 Conjurations
 - Level 2.4 Fire Magic


You had 5 spell levels left.
You knew the following spells:

 Your Spells              Type           Power      Damage    Failure   Level
a - Foxfire               Conj/Fire      16%        2x1d4     99%         1

Your spell library contained the following spells:

 Spells                   Type           Power      Damage    Failure   Level
 Scorch                   Fire           10%        2d5       99%         2
 Conjure Flame            Conj/Fire      4%         6-21      100%        3
 Inner Flame              Hex/Fire       3%         N/A       100%        3
 Flame Wave               Conj/Fire      4%         2d5       100%        4

Inventory:

Missiles
 e - 4 javelins (quivered)
 i - 6 boomerangs
Armour
 a - a +0 pair of boots (worn)
 c - a +0 chain mail (worn)
 j - the +1 helmet of Pride (worn) {rPois rC- rN+ Regen+}
   (You found it on level 2 of the Dungeon)

   rC:        It makes you vulnerable to cold.
   rPois:     It protects you from poison.
   rN:        It protects you from negative energy.
   Regen:     It increases your rate of health regeneration.
 k - the +4 leather armour of Lugonu's Wrath {rF+ Str+4}
   (You found it on level 2 of the Dungeon)

   Str:       It affects your strength (+4).
   rF:        It protects you from fire.
Potions
 b - a potion of degeneration {unknown}
 f - a potion of flight {unknown}
 g - a potion of mutation {unknown}
 h - a potion of curing {unknown}

Dungeon Overview and Level Annotations

Branches:
Dungeon (3/15)

Altars:


Message History

2509 ||| Stepping ~*~*~tactically~*~*~ (outnumbered).
2510 ||| Stepping ~*~*~tactically~*~*~ (outnumbered).
You scratch the gnoll.
The gnoll is almost dead.
The gnoll hits you but does no damage.
2512 ||| Stepping ~*~*~tactically~*~*~ (outnumbered).
The gnoll attacks as you move away! The gnoll barely misses you.
You closely miss the gnoll. You scratch the gnoll.
You kill the gnoll!
The gnoll hits you but does no damage.
You claw the gnoll!
The gnoll is heavily wounded.
The gnoll hits you but does no damage.
The gnoll hits you from afar with a +0 halberd.
You scratch the gnoll.
The gnoll is almost dead.
The gnoll barely misses you. The gnoll hits you but does no damage.
You closely miss the gnoll.
The gnoll is almost dead.
The gnoll hits you from afar with a +0 halberd.
The gnoll hits you but does no damage.
2518 ||| DRINKING potion of heal wounds.
You feel much better.
The gnoll hits you but does no damage. x2
You barely miss the gnoll.
The gnoll is almost dead.
The gnoll hits you from afar with a +0 halberd.
The gnoll hits you but does no damage.
You barely miss the gnoll.
The gnoll is almost dead.
The gnoll hits you from afar with a +0 halberd!
The gnoll hits you with a +0 whip.
You scratch the gnoll.
You kill the gnoll!
You feel better.
The gnoll hits you from afar with a +0 halberd!
Your Armour skill increases to level 1!
The gnoll hits you with a +0 halberd!
You die...

.........+ #.......# #.......+
#.....# ### #.....# ..# #.....#
..# #+# #.....# ..###########
#.# ##..### ..'.........#
#@#########..####
..#########.####.g.............#
..# ......................?....#
..# .######.###############.#..#
..# #.# #........... ....# ..#
#.# ###.######## .#...# ### #.#
#........... .#...# #.#
#.#.######## ## ..# ..# #.#.#
..#


You could see a gnoll.

Vanquished Creatures
  Jessica (D:2)
  3 gnolls
  A worm (D:2)
  A bat (D:2)
  2 endoplasms
  A giant cockroach (D:1)
  7 goblins (D:2)
  9 hobgoblins
  A kobold (D:1)
  2 quokkas
  2 ball pythons
30 creatures vanquished.

Notes
Turn   | Place    | Note
-------+----------+-------------------------------------------
     0 | D:1      | qw the Ghoul Fire Elementalist began the quest for the Orb.
     0 | D:1      | Reached XP level 1. HP: 14/14 MP: 2/2
     0 | D:1      | 0 ||| qw: Version: 0.1-a-90-g952f4b7
     0 | D:1      | 0 ||| qw: Game counter: 4294
     0 | D:1      | 0 ||| qw: Always use a shield: true
     0 | D:1      | 0 ||| qw: God list: Okawaru
     0 | D:1      | 0 ||| qw: Allow faded altars: false
     0 | D:1      | 0 ||| qw: Do Orc after D:15 true
     0 | D:1      | 0 ||| qw: Do second Lair branch before Depths: true
     0 | D:1      | 0 ||| qw: Lair rune preference: random
     0 | D:1      | 0 ||| qw: Plans: Normal
     0 | D:1      | 0 ||| PLANNING D:1-11
   316 | D:1      | Reached skill level 1 in Unarmed Combat
   335 | D:1      | 335 ||| Stepping ~*~*~tactically~*~*~ (hiding).
   437 | D:1      | 437 ||| Stepping ~*~*~tactically~*~*~ (hiding).
   546 | D:1      | Reached skill level 1 in Fighting
   546 | D:1      | Reached XP level 2. HP: 24/24 MP: 3/3
   779 | D:1      | You fall into a shaft and drop 1 floor!
   872 | D:2      | 872 ||| UPGRADING to +0 chain mail.
   882 | D:2      | 882 ||| DROPPING +0 robe.
   883 | D:2      | 883 ||| READING scroll labelled MALASUGHULU.
   884 | D:2      | 884 ||| READING scroll labelled AKHINETWURPH.
   885 | D:2      | 885 ||| DROPPING potion of magic.
   951 | D:1      | 951 ||| Stepping ~*~*~tactically~*~*~ (stealth).
  1328 | D:2      | Reached XP level 3. HP: 28/29 MP: 4/4
  1460 | D:2      | Reached skill level 2 in Unarmed Combat
  1568 | D:2      | Noticed Jessica
  1579 | D:2      | Killed Jessica
  1580 | D:2      | Reached skill level 3 in Unarmed Combat
  1603 | D:2      | Identified the +1 helmet of Pride {rPois rC- rN+ Regen+}
  1808 | D:2      | Identified the +4 leather armour of Lugonu's Wrath {rF+
                  | Str+4}
  2005 | D:2      | Reached XP level 4. HP: 32/36 MP: 5/5
  2033 | D:2      | HP: 9/36 [goblin/+0 club (1)]
  2037 | D:2      | HP: 4/36 [goblin/+0 club (3)]
  2040 | D:2      | HP: 1/36 [goblin/+0 club (1)]
  2367 | D:2      | 2367 ||| UPGRADING to +0 pair of boots.
  2372 | D:2      | 2372 ||| UPGRADING to +1 helmet of Pride {rPois rC- rN+
                  | Regen+}.
  2377 | D:2      | 2377 ||| DRINKING 2 fuming coppery potions.
  2493 | D:3      | 2493 ||| Stepping ~*~*~tactically~*~*~ (outnumbered).
  2494 | D:3      | 2494 ||| Stepping ~*~*~tactically~*~*~ (outnumbered).
  2495 | D:3      | 2495 ||| Stepping ~*~*~tactically~*~*~ (outnumbered).
  2496 | D:3      | 2496 ||| Stepping ~*~*~tactically~*~*~ (outnumbered).
  2497 | D:3      | 2497 ||| Stepping ~*~*~tactically~*~*~ (outnumbered).
  2498 | D:3      | 2498 ||| Stepping ~*~*~tactically~*~*~ (outnumbered).
  2500 | D:3      | 2500 ||| Stepping ~*~*~tactically~*~*~ (outnumbered).
  2503 | D:3      | 2503 ||| Stepping ~*~*~tactically~*~*~ (outnumbered).
  2504 | D:3      | 2504 ||| Stepping ~*~*~tactically~*~*~ (outnumbered).
  2505 | D:3      | 2505 ||| Stepping ~*~*~tactically~*~*~ (outnumbered).
  2506 | D:3      | 2506 ||| Stepping ~*~*~tactically~*~*~ (outnumbered).
  2507 | D:3      | 2507 ||| Stepping ~*~*~tactically~*~*~ (outnumbered).
  2508 | D:3      | 2508 ||| Stepping ~*~*~tactically~*~*~ (outnumbered).
  2509 | D:3      | 2509 ||| Stepping ~*~*~tactically~*~*~ (outnumbered).
  2510 | D:3      | 2510 ||| Stepping ~*~*~tactically~*~*~ (outnumbered).
  2512 | D:3      | 2512 ||| Stepping ~*~*~tactically~*~*~ (outnumbered).
  2517 | D:3      | HP: 8/36 [gnoll/+0 halberd (6)]
  2518 | D:3      | 2518 ||| DRINKING potion of heal wounds.
  2522 | D:3      | Reached skill level 1 in Armour
  2522 | D:3      | Slain by a gnoll

Levels and vault maps discovered:
D:1:      dpeg_arrival_round_b, layout_loops_cross
D:2:      cheibrodos_greedy_goblins, layout_loops_corners, uniq_jessica
D:3:      layout_basic, gammafunk_ghost_cemetery,
          shapermc_ecumenical_altar_mp_highgroup, minmay_stone_trees_small,
          minmay_statues_item, kennysheep_generic_room_3, uniq_ijyb,
          uniq_grinder

Skill      XL: |  1  2  3  4 |
---------------+-------------+-----
Unarmed Combat | 1 3 |  3.5
Fighting       | 1 |  1.7
Armour         | 1 |  1.1
Dodging        | |  1.7
Stealth        | |  2.1
Spellcasting   | |  1.7
Conjurations   | |  0.7
Fire Magic     | |  2.4

Action                   |  1- 3 |  4- 6 || total
-------------------------+-------+-------++-------
Melee: Unarmed           |    58 |    56 ||   114
       Punch             |     2 |     1 ||     3
Throw: Boomerang         |    16 |       ||    16
       Javelin           |     1 |     2 ||     3
  Use: Scroll            |     2 |       ||     2
       Potion            |       |     2 ||     2
Armor: Robe              |     3 |       ||     3
       Chain mail        |    15 |    47 ||    62
Dodge: Dodged            |    22 |    25 ||    47

Table legend:
 A = Non-vault XP
 B = Vault XP
 C = Vault XP percentage of total XP
 D = Non-vault monster count
 E = Vault monster count
 F = Vault count percentage of total count
                 A         B        C        D         E       F
            +---------+---------+-------+---------+---------+-------
      Total |      75 |      59 |  44.0 |      18 |      12 |  40.0
            +---------+---------+-------+---------+---------+-------
        D:1 |      32 |       0 |   0.0 |      10 |       0 |   0.0
        D:2 |      11 |      59 |  84.3 |       4 |      12 |  75.0
        D:3 |      32 |       0 |   0.0 |       4 |       0 |   0.0
            +---------+---------+-------+---------+---------+-------
